General information
- name: BNet
- type: Ladder team game (AT/RT)
- host: Battle.net
- saver: PrometheusUnbou
map: DragonFalls
- players: 8
- length: 41:07
- speed: Fast
- version: 1.26 W3XP
- replay type: Public
» download(246 KB)
Players
team 1 (winner)

»
orfeo_2 (
yellow | 45 APM | 1711 actions | 37:58)
4 Keeper of the Grove
2 Entangling Roots
2 Thorns Aura
3 Firelord
2 Summon Lava Spawn
1 Soul Burn
» actions
| Build / train | 115 | |
| Enter build submenu | 43 | |
| Enter hero's abilities submenu | 7 | |
| Give item / drop item | 3 | |
| Remove unit from queue | 10 | |
| Right click | 849 | |
| Select / deselect | 583 | |
| Use ability | 101 | |
1711 total
» units
| Wisp | 45 | |
| Archer | 3 | |
| Huntress | 4 | |
| Chimaera | 5 | |
| Hippogryph | 3 | |
| Goblin Shredder | 1 | |
| Faerie Dragon | 16 | |
| Dryad | 3 | |
| Mountain Giant | 3 | |
83 total
» upgrades
| Strength of the Wild | 2 | |
| Sentinel | 1 | |
| Corrosive Breath | 1 | |
| Reinforced Hides | 2 | |
| Abolish Magic | 1 | |
| Resistant Skin | 1 | |
8 total
» buildings
| Moon Well | 14 | |
| Altar of Elders | 4 | |
| Ancient of War | 1 | |
| Hunter's Hall | 1 | |
| Ancient Protector | 2 | |
| Tree of Ages | 3 | |
| Tree of Eternity | 2 | |
| Ancient of Wind | 3 | |
| Tree of Life | 5 | |
| Chimaera Roost | 6 | |
| Ancient of Wonders | 2 | |
| Ancient of Lore | 2 | |
45 total
» build order
00:07 Moon Well
00:11 Altar of Elders
01:08 Ancient of War
01:35 Moon Well
02:10 Hunter's Hall
02:52 Moon Well
03:49 Ancient Protector
04:24 Ancient Protector
05:04 Tree of Ages
05:35 Moon Well
06:06 Moon Well
07:34 Tree of Eternity
07:49 Ancient of Wind
08:24 Tree of Life
10:26 Chimaera Roost
10:28 Chimaera Roost
10:30 Chimaera Roost
12:06 Moon Well
14:04 Moon Well
14:12 Moon Well
16:56 Altar of Elders
17:33 Ancient of Wind
18:22 Altar of Elders
18:43 Moon Well
19:21 Tree of Life
20:03 Ancient of Wonders
20:40 Ancient of Wonders
21:15 Moon Well
22:55 Tree of Ages
23:09 Moon Well
23:12 Moon Well
25:18 Tree of Eternity
25:22 Ancient of Lore
25:37 Moon Well
25:56 Ancient of Lore
26:01 Ancient of Wind
26:14 Tree of Life
28:17 Tree of Life
29:59 Tree of Ages
32:29 Altar of Elders
32:31 Moon Well
34:18 Tree of Eternity
34:23 Tree of Life
37:05 Chimaera Roost
37:07 Chimaera Roost
37:09 Chimaera Roost
» items
| Healing Salve | 1 | |
| Scroll of Town Portal | 1 | |
2 total
PrometheusUnbou (
purple | 65 APM | 2670 actions | 41:07)
8 Blood Mage
3 Flame Strike
3 Siphon Mana
1 Summon Phoenix
1 Banish
1 Blademaster
1 Mirror Image
» actions
| Assign group hotkey | 41 | |
| Basic commands | 32 | |
| Build / train | 111 | |
| Enter build submenu | 73 | |
| Enter hero's abilities submenu | 10 | |
| Give item / drop item | 2 | |
| Remove unit from queue | 1 | |
| Right click | 1238 | |
| Select / deselect | 449 | |
| Select group hotkey | 491 | |
| Use ability | 222 | |
2670 total
» units
| Peasant | 17 | |
| Footman | 5 | |
| Goblin Shredder | 2 | |
| Sorceress | 2 | |
| Gryphon Rider | 2 | |
| Goblin Sapper | 1 | |
29 total
» upgrades
| Lumber Harvesting | 2 | |
| Sorceress Training | 1 | |
| Masonry | 3 | |
| Storm Hammers | 1 | |
| Swords | 3 | |
| Armor | 3 | |
| Animal War Training | 1 | |
| Cloud | 1 | |
15 total
» buildings
| Altar of Kings | 2 | |
| Barracks | 1 | |
| Farm | 12 | |
| Scout Tower | 64 | |
| Arcane Tower | 3 | |
| Town Hall | 4 | |
| Keep | 2 | |
| Arcane Vault | 4 | |
| Lumber Mill | 2 | |
| Arcane Sanctum | 1 | |
| Guard Tower | 14 | |
| Gryphon Aviary | 10 | |
| Blacksmith | 2 | |
| Castle | 2 | |
123 total
» build order
00:49 Altar of Kings
00:51 Barracks
01:01 Farm
01:06 Farm
01:08 Farm
01:50 Scout Tower
02:22 Arcane Tower
02:29 Farm
03:49 Town Hall
05:00 Keep
06:14 Arcane Vault
06:18 Lumber Mill
07:39 Scout Tower
07:40 Scout Tower
07:41 Scout Tower
07:42 Scout Tower
07:42 Scout Tower
07:43 Scout Tower
08:38 Arcane Sanctum
08:43 Guard Tower
08:46 Scout Tower
08:47 Scout Tower
08:49 Scout Tower
08:49 Scout Tower
08:50 Scout Tower
08:53 Scout Tower
09:32 Scout Tower
09:33 Scout Tower
09:39 Farm
10:00 Arcane Tower
10:13 Arcane Tower
11:09 Gryphon Aviary
11:09 Gryphon Aviary
11:09 Gryphon Aviary
11:10 Gryphon Aviary
11:12 Gryphon Aviary
11:15 Gryphon Aviary
12:13 Guard Tower
13:12 Blacksmith
13:15 Blacksmith
13:43 Castle
16:50 Town Hall
16:53 Scout Tower
16:53 Scout Tower
16:53 Scout Tower
16:54 Scout Tower
16:55 Scout Tower
16:55 Scout Tower
16:56 Scout Tower
16:57 Scout Tower
16:58 Scout Tower
16:59 Scout Tower
17:00 Scout Tower
17:00 Scout Tower
17:01 Scout Tower
17:01 Scout Tower
17:29 Guard Tower
18:24 Guard Tower
18:59 Guard Tower
19:08 Lumber Mill
19:10 Guard Tower
20:23 Farm
20:24 Farm
20:24 Farm
20:24 Farm
20:25 Farm
20:26 Farm
20:26 Farm
26:06 Town Hall
26:11 Scout Tower
26:11 Scout Tower
26:12 Scout Tower
26:13 Scout Tower
26:14 Scout Tower
26:14 Scout Tower
26:15 Scout Tower
27:55 Guard Tower
28:25 Scout Tower
28:26 Scout Tower
28:26 Scout Tower
28:27 Scout Tower
28:28 Scout Tower
28:29 Scout Tower
28:30 Scout Tower
28:30 Scout Tower
28:30 Scout Tower
28:31 Scout Tower
28:31 Scout Tower
28:32 Scout Tower
28:32 Scout Tower
28:33 Scout Tower
28:33 Scout Tower
29:04 Guard Tower
29:05 Guard Tower
29:47 Guard Tower
30:00 Guard Tower
30:20 Guard Tower
30:51 Guard Tower
33:00 Arcane Vault
33:06 Gryphon Aviary
33:07 Gryphon Aviary
33:07 Gryphon Aviary
33:11 Gryphon Aviary
34:07 Keep
34:48 Arcane Vault
36:23 Town Hall
36:25 Scout Tower
36:25 Scout Tower
36:26 Scout Tower
36:27 Scout Tower
36:28 Scout Tower
36:29 Scout Tower
36:34 Scout Tower
37:09 Altar of Kings
37:53 Arcane Vault
38:16 Castle
39:59 Guard Tower
» items
| Boots of Speed | 1 | |
| Staff of Teleportation | 1 | |
| Potion of Invisibility | 3 | |
| Potion of Lesser Invulnerability | 2 | |
| Potion of Mana | 7 | |
| Lesser Clarity Potion | 3 | |
| Potion of Healing | 8 | |
| Scroll of Town Portal | 5 | |
| Scroll of Regeneration | 4 | |
34 total
PaulTheTaco (
red | 33 APM | 1353 actions | 41:06)
5 Tauren Chieftain
2 War Stomp
3 Endurance Aura
3 Pandaren Brewmaster
2 Breath of Fire
1 Drunken Brawler
» actions
| Assign group hotkey | 2 | |
| Build / train | 64 | |
| Enter build submenu | 17 | |
| Enter hero's abilities submenu | 8 | |
| Right click | 909 | |
| Select / deselect | 300 | |
| Use ability | 53 | |
1353 total
» units
| Peon | 7 | |
| Grunt | 18 | |
| Troll Headhunter/Berserker | 12 | |
| Demolisher | 2 | |
39 total
» upgrades
| Melee Weapons | 1 | |
| Armor | 2 | |
| Spiked Barricades | 1 | |
| Berserker Strength | 1 | |
| Troll Regeneration | 1 | |
| Ranged Weapons | 2 | |
| Berserker Upgrade | 1 | |
| Burning Oil | 1 | |
10 total
» buildings
| Altar of Storms | 1 | |
| Orc Burrow | 6 | |
| War Mill | 2 | |
| Barracks | 2 | |
| Watch Tower | 2 | |
| Voodoo Lounge | 1 | |
| Stronghold | 1 | |
| Fortress | 1 | |
16 total
» build order
00:06 Altar of Storms
00:08 Orc Burrow
01:01 War Mill
01:07 Orc Burrow
02:28 Barracks
03:05 Orc Burrow
04:28 Orc Burrow
04:43 Watch Tower
06:15 Barracks
06:19 Voodoo Lounge
06:21 Stronghold
07:46 Watch Tower
07:52 Orc Burrow
10:52 War Mill
11:25 Orc Burrow
13:34 Fortress
» items
| Scroll of Town Portal | 1 | |
| Scroll of Healing | 2 | |
3 total
Big_Pee_Pee (
orange | 63 APM | 2429 actions | 38:15)
7 Blademaster
3 Wind Walk
3 Critical Strike
1 Bladestorm
5 Shadow Hunter
3 Healing Wave
2 Hex
4 Far Seer
2 Feral Spirit
2 Chain Lighting
» actions
| Assign group hotkey | 210 | |
| Basic commands | 20 | |
| Build / train | 95 | |
| Enter build submenu | 17 | |
| Enter hero's abilities submenu | 17 | |
| Give item / drop item | 8 | |
| Remove unit from queue | 2 | |
| Right click | 896 | |
| Select / deselect | 339 | |
| Select group hotkey | 709 | |
| Use ability | 116 | |
2429 total
» units
| Peon | 26 | |
| Wind Rider | 14 | |
| Shaman | 7 | |
47 total
» upgrades
| Armor | 1 | |
| Ranged Weapons | 3 | |
| Envenomed Spears | 1 | |
| Shaman Training | 2 | |
| Reinforced Defenses | 1 | |
8 total
» buildings
| Orc Burrow | 7 | |
| Altar of Storms | 1 | |
| War Mill | 1 | |
| Voodoo Lounge | 1 | |
| Watch Tower | 1 | |
| Stronghold | 1 | |
| Great Hall | 2 | |
| Fortress | 1 | |
| Beastiary | 2 | |
| Spirit Lodge | 1 | |
18 total
» build order
00:22 Orc Burrow
00:37 Altar of Storms
00:51 War Mill
01:30 Voodoo Lounge
01:37 Orc Burrow
02:58 Watch Tower
03:50 Stronghold
04:10 Orc Burrow
04:43 Orc Burrow
05:37 Great Hall
05:45 Orc Burrow
06:12 Fortress
06:20 Beastiary
06:49 Beastiary
07:52 Spirit Lodge
09:54 Orc Burrow
23:38 Great Hall
32:26 Orc Burrow
» items
| Healing Salve | 5 | |
| Scroll of Speed | 1 | |
| Periapt of Vitality | 1 | |
| Circlet of Nobility | 1 | |
| Orb of Lightning | 1 | |
| Scroll of Town Portal | 4 | |
| Potion of Healing | 3 | |
| Staff of Teleportation | 1 | |
17 total
team 2 (loser)

»
Protoss_Carrier (
green | 47 APM | 1943 actions | 41:05)
6 Death Knight
3 Death Coil
2 Unholy Aura
1 Animate Dead
4 Lich
2 Frost Nova
2 Frost Armor
3 Paladin
1 Divine Shield
1 Resurrection
1 Holy Light
» actions
| Assign group hotkey | 28 | |
| Basic commands | 152 | |
| Build / train | 106 | |
| Enter build submenu | 18 | |
| Enter hero's abilities submenu | 13 | |
| Right click | 482 | |
| Select / deselect | 624 | |
| Select group hotkey | 402 | |
| Use ability | 118 | |
1943 total
» units
| Acolyte | 41 | |
| Ghoul | 4 | |
| Crypt Fiend | 12 | |
| Obsidian Statue | 3 | |
| Peasant | 5 | |
| Rifleman | 10 | |
| Sorceress | 1 | |
76 total
» upgrades
| Web | 1 | |
| Burrow | 1 | |
| Creature Attack | 2 | |
| Creature Carapace | 2 | |
6 total
» buildings
| Crypt | 3 | |
| Ziggurat | 9 | |
| Altar of Darkness | 1 | |
| Graveyard | 1 | |
| Nerubian Tower | 3 | |
| Tomb of Relics | 1 | |
| Necropolis | 1 | |
| Halls of the Dead | 1 | |
| Spirit Tower | 1 | |
| Slaughterhouse | 3 | |
| Black Citadel | 1 | |
| Castle | 1 | |
| Farm | 4 | |
30 total
» build order
00:13 Crypt
00:16 Ziggurat
00:47 Altar of Darkness
01:07 Graveyard
01:36 Ziggurat
02:08 Nerubian Tower
03:09 Tomb of Relics
05:56 Ziggurat
05:58 Ziggurat
06:00 Ziggurat
06:04 Ziggurat
06:20 Necropolis
06:23 Halls of the Dead
07:13 Spirit Tower
08:38 Crypt
08:51 Slaughterhouse
08:55 Slaughterhouse
08:56 Slaughterhouse
09:54 Black Citadel
19:35 Ziggurat
19:37 Ziggurat
19:38 Ziggurat
21:45 Nerubian Tower
22:03 Crypt
24:16 Castle
25:58 Farm
25:59 Farm
26:00 Farm
26:02 Farm
28:17 Nerubian Tower
» items
| Sacrificial Skull | 1 | |
| Potion of Healing | 1 | |
2 total

»
drunknhaze (
pink | 16 APM | 660 actions | 40:54)
8 Dreadlord
3 Vampiric Aura
3 Carrion Swarm
1 Inferno
1 Sleep
» actions
| Basic commands | 18 | |
| Build / train | 74 | |
| ESC pressed | 1 | |
| Enter build submenu | 18 | |
| Enter hero's abilities submenu | 9 | |
| Right click | 257 | |
| Select / deselect | 237 | |
| Use ability | 46 | |
660 total
» units
| Acolyte | 15 | |
| Ghoul | 12 | |
| Abomination | 16 | |
| Obsidian Statue | 2 | |
| Meatwagon | 5 | |
50 total
» upgrades
| Unholy Strength | 2 | |
| Unholy Armor | 4 | |
| Disease Cloud | 1 | |
7 total
» buildings
| Crypt | 1 | |
| Ziggurat | 9 | |
| Graveyard | 1 | |
| Altar of Darkness | 1 | |
| Nerubian Tower | 1 | |
| Halls of the Dead | 1 | |
| Black Citadel | 1 | |
| Slaughterhouse | 3 | |
| Tomb of Relics | 1 | |
| Spirit Tower | 2 | |
| Necropolis | 1 | |
22 total
» build order
00:12 Crypt
00:15 Ziggurat
00:20 Ziggurat
00:40 Graveyard
00:58 Altar of Darkness
01:11 Nerubian Tower
01:50 Ziggurat
02:46 Halls of the Dead
03:20 Ziggurat
03:26 Ziggurat
05:09 Black Citadel
06:03 Slaughterhouse
06:05 Slaughterhouse
06:12 Slaughterhouse
08:08 Ziggurat
08:16 Tomb of Relics
08:26 Ziggurat
12:32 Ziggurat
12:34 Ziggurat
19:27 Spirit Tower
28:48 Spirit Tower
37:02 Necropolis
» items
| Scroll of Town Portal | 1 | |
| Orb of Corruption | 1 | |
| Scroll of Healing | 1 | |
3 total

»
c.d.g. (
teal | 95 APM | 1590 actions | 16:39)
4 Paladin
1 Holy Light
1 Devotion Aura
2 Divine Shield
» actions
| Assign group hotkey | 24 | |
| Basic commands | 147 | |
| Build / train | 44 | |
| Enter build submenu | 24 | |
| Enter hero's abilities submenu | 4 | |
| Right click | 291 | |
| Select / deselect | 358 | |
| Select group hotkey | 668 | |
| Use ability | 30 | |
1590 total
» units
| Peasant | 9 | |
| Footman | 6 | |
| Rifleman | 5 | |
| Goblin Shredder | 1 | |
| Mortar Team | 2 | |
| Flying Machine | 8 | |
| Sorceress | 1 | |
32 total
» upgrades
| Gunpowder | 1 | |
| Armor | 1 | |
| Lumber Harvesting | 1 | |
| Long Rifles | 1 | |
| Sorceress Training | 1 | |
5 total
» buildings
| Barracks | 2 | |
| Farm | 7 | |
| Altar of Kings | 1 | |
| Blacksmith | 1 | |
| Lumber Mill | 1 | |
| Keep | 1 | |
| Town Hall | 1 | |
| Scout Tower | 1 | |
| Arcane Vault | 1 | |
| Arcane Sanctum | 2 | |
| Arcane Tower | 1 | |
| Workshop | 2 | |
21 total
» build order
00:16 Barracks
00:24 Barracks
00:30 Farm
01:09 Altar of Kings
02:06 Farm
02:54 Farm
03:46 Blacksmith
05:23 Farm
06:07 Lumber Mill
06:38 Keep
06:54 Farm
07:45 Farm
08:25 Farm
09:43 Town Hall
11:51 Scout Tower
11:55 Arcane Vault
12:06 Arcane Sanctum
12:49 Arcane Tower
12:51 Workshop
13:31 Arcane Sanctum
14:18 Workshop
bhudasak (
blue | 34 APM | 1403 actions | 41:05)
5 Death Knight
3 Death Coil
2 Unholy Aura
5 Crypt Lord
3 Impale
2 Spiked Carapace
1 Paladin
1 Holy Light
» actions
| Assign group hotkey | 5 | |
| Basic commands | 139 | |
| Build / train | 71 | |
| Enter build submenu | 20 | |
| Enter hero's abilities submenu | 11 | |
| Give item / drop item | 1 | |
| Remove unit from queue | 5 | |
| Right click | 662 | |
| Select / deselect | 370 | |
| Select group hotkey | 31 | |
| Use ability | 87 | |
1403 total
» units
| Acolyte | 7 | |
| Ghoul | 5 | |
| Crypt Fiend | 6 | |
| Necromancer | 6 | |
| Meatwagon | 3 | |
| Obsidian Statue | 1 | |
28 total
» upgrades
| Creature Attack | 1 | |
| Unholy Strength | 3 | |
| Necromancer Training | 2 | |
| Skeletal Longevity | 1 | |
| Web | 1 | |
| Burrow | 1 | |
| Skeletal Mastery | 1 | |
| Exhume Corpses | 1 | |
| Unholy Armor | 1 | |
12 total
» buildings
| Ziggurat | 10 | |
| Crypt | 1 | |
| Altar of Darkness | 1 | |
| Tomb of Relics | 1 | |
| Graveyard | 2 | |
| Halls of the Dead | 1 | |
| Spirit Tower | 3 | |
| Nerubian Tower | 1 | |
| Temple of the Damned | 2 | |
| Black Citadel | 1 | |
| Slaughterhouse | 1 | |
24 total
» build order
00:23 Ziggurat
00:29 Ziggurat
00:32 Crypt
00:41 Altar of Darkness
01:14 Ziggurat
01:25 Tomb of Relics
01:37 Graveyard
01:44 Graveyard
02:56 Ziggurat
04:17 Halls of the Dead
04:25 Spirit Tower
06:04 Spirit Tower
06:08 Nerubian Tower
06:46 Temple of the Damned
06:50 Temple of the Damned
07:00 Ziggurat
08:36 Black Citadel
09:26 Slaughterhouse
09:32 Ziggurat
10:40 Spirit Tower
19:19 Ziggurat
22:25 Ziggurat
22:28 Ziggurat
22:32 Ziggurat
23:41 Spirit Tower
» items
| Rod of Necromancy | 1 | |
| Circlet of Nobility | 1 | |
| Dust of Appearance | 1 | |
| Scroll of Healing | 1 | |
| Scroll of Town Portal | 2 | |
| Potion of Healing | 1 | |
7 total
Chat log
(01:34 / All) PrometheusUnbou: I hate the woods on this map
(01:58 / All) Protoss_Carrier: bet u like hurricane island!
(02:04 / All) PrometheusUnbou: heh
(02:11 / All) Protoss_Carrier: i like
(02:20 / All) PrometheusUnbou: annoying to have to put shreddars in zeppelins to find lumber
(02:24 / Allies) orfeo_2: units
(02:57 / All) Protoss_Carrier: my game doesnt last that much on that map
(03:46 / Allies) PrometheusUnbou: creeps kicked my ass that time lol
(04:12 / Allies) PaulTheTaco: God damn.
(04:21 / Allies) PaulTheTaco: I hate when my relatives call me.
(04:34 / Allies) PaulTheTaco: GET OFF THE FUCKIN PHONE
(05:13 / Allies) PrometheusUnbou: help red
(05:18 / Allies) PaulTheTaco: Coming
(05:50 / Allies) Big_Pee_Pee: wyvehr, bat, shaman byt hte way
(06:34 / Allies) Big_Pee_Pee: have some heal
(08:45 / Allies) PaulTheTaco: Pee Pee stop stealing all the loots
(08:59 / Allies) Big_Pee_Pee: should i just let your hero die next time and take all the xp too?
(09:11 / Allies) PaulTheTaco: Sure.
(09:57 / Allies) orfeo_2: fuck u purp
(10:09 / Allies) orfeo_2: next i kill u
(10:27 / Allies) PrometheusUnbou: waaaah
(10:29 / Allies) PrometheusUnbou: my wells!
(10:36 / Allies) PrometheusUnbou: *plays 4v4 RANDOM TEAM*
(10:37 / Allies) Big_Pee_Pee: dont be a nigger purple
(10:49 / Allies) orfeo_2: bu t i have units
(10:52 / Allies) orfeo_2: u no
(12:16 / Allies) Big_Pee_Pee: i got the flute
(14:23 / Allies) PrometheusUnbou: I need a new mouse pad
(14:27 / Allies) PrometheusUnbou: I can't use my mouse right now
(14:36 / Allies) PaulTheTaco: The struggle is real.
(15:50 / All) PrometheusUnbou: wow pink
(15:55 / All) PrometheusUnbou: you must be a genius
(16:39 / All) PrometheusUnbou: all drop
(21:37 / Allies) PrometheusUnbou: this game wasn't very close
(22:40 / Allies) Big_Pee_Pee: purple give me some gold
(22:41 / Allies) Big_Pee_Pee: you ahve 7k
(23:07 / Allies) PrometheusUnbou: will you apologize
(23:13 / Allies) PaulTheTaco: Y'all couldn't save me one.-_-
(23:17 / Allies) PrometheusUnbou: for saving I lost it for my team last game
(23:17 / Allies) Big_Pee_Pee: for what
(23:23 / Allies) Big_Pee_Pee: you did lose for your team last game
(23:26 / Allies) Big_Pee_Pee: just like you're losing fo rus
(23:33 / Allies) PrometheusUnbou: They were 30% players bro
(24:01 / Allies) PaulTheTaco: Well I'm screwed.
(24:17 / Allies) Big_Pee_Pee: oh you do have units purple
(24:31 / Allies) PrometheusUnbou: I started making units last game
(24:41 / Allies) PrometheusUnbou: pink would have probably held you guys off if he dismounted
(24:45 / Allies) PrometheusUnbou: like we were spamming him to do
(24:56 / Allies) PaulTheTaco: What the fuck
(25:33 / Allies) PaulTheTaco: So purple you're not gonna make any units? But not pass out any gold?
(25:41 / Allies) PrometheusUnbou: I have 10 griffs
(25:50 / Allies) PrometheusUnbou: oh
(25:52 / Allies) PrometheusUnbou: I lost 3
(25:54 / Allies) PaulTheTaco: I stand corrected.
(28:01 / All) Big_Pee_Pee: no tp
(32:04 / All) PrometheusUnbou: wasn't close
(32:06 / All) PrometheusUnbou: but appeared close
(32:16 / All) bhudasak: lol sure
(32:21 / All) PrometheusUnbou: I have 10k
(32:38 / All) bhudasak: and ur proud of that
(32:49 / All) PrometheusUnbou: why wouldn't I be
(33:42 / All) Big_Pee_Pee: i got his keys
(34:21 / All) PrometheusUnbou: heck
(34:23 / All) PrometheusUnbou: yellow has 4k
(34:32 / All) PrometheusUnbou: you guys probably have like 33 gold collectively
(35:56 / Allies) PrometheusUnbou: I'm taking htat one yellow
(37:55 / Allies) Big_Pee_Pee: damn it
(37:57 / Allies) Big_Pee_Pee: almost gbot him red
(37:58 / Allies) PrometheusUnbou: let's get some moonwells plz
(38:01 / All) PrometheusUnbou: This was a fun game guys
(38:11 / All) bhudasak: i guess
(38:20 / All) PrometheusUnbou: yeah you guys think you won lol
(38:40 / All) bhudasak: lol y did they leave
(38:49 / All) PrometheusUnbou: he is 1-6
(38:56 / All) bhudasak: o
(40:59 / All) PrometheusUnbou: heh
(41:03 / All) bhudasak: gg